 Dungeon Crawl Stone Soup version 0.27-a0-1158-gaa87e14f67 (webtiles) character file.

Game seed: 8489900401033955907

79 bilbop the Magician (level 4, -8/32 HPs)
             Began as a Djinni Hedge Wizard on May 16, 2021.
             Killed by divine providence
             ... invoked by an orc priest
              (10 damage)
             ... on level 2 of the Dungeon.
             The game lasted 00:12:00 (3390 turns).

bilbop the Magician (Djinni Hedge Wizard)           Turns: 3390, Time: 00:12:01

Health: -8/32      AC:  4    Str:  9    XL:     4   Next: 62%
Gold:   115        EV: 11    Int: 16    God:
                   SH:  0    Dex: 13

rFire    + + .     SeeInvis .   a - +0 dagger
rCold    x . .     Faith    .   (no shield)
rNeg     . . .     Spirit   .   k - +1 leather armour {Will+}
rPois    ∞         Reflect  .   c - +0 hat
rElec    .         Harm     .   (no cloak)
rCorr    .         Rampage  .   (no gloves)
Will     +....                  (boots unavailable)
Stlth    ++........             (no amulet)
HPRegen  0.10/turn              (no ring)
MPRegen  0.00/turn              (no ring)

@: flying
A: sickness immunity, fire resistance 2, cold vulnerability 1, float, innate
caster, hp casting, extra vitality 1
a: no special abilities


You were on level 2 of the Dungeon.
You visited 1 branch of the dungeon, and saw 2 of its levels.

You collected 115 gold pieces.

Inventory:

Hand Weapons
 a - a +0 dagger (weapon)
Armour
 b - a +0 robe
 c - a +0 hat (worn)
 d - a +0 kite shield
 g - a +0 leather armour
 h - a +1 robe of cold resistance
 k - a +1 leather armour of willpower (worn)
Scrolls
 f - 2 scrolls of identify {unknown}
 j - a scroll of teleportation {unknown}
Potions
 e - 4 potions of flight {unknown}
 i - a potion of brilliance {unknown}


   Skills:
 + Level 1.3 Fighting
 + Level 1.2 Short Blades
 - Level 2.1 Dodging
 + Level 2.1 Stealth
 + Level 1.0 Shields
 * Level 3.0 Spellcasting


You couldn't memorise any spells.
You knew the following spells:

 Your Spells              Type           Power      Damage    Failure   Level
a - Magic Dart            Conj           48%        1d5       8%          1
b - Blink                 Tloc           N/A        N/A       11%         2
c - Call Imp              Summ           12%        N/A       11%         2
d - Slow                  Hex            12%        N/A       11%         2
e - Conjure Flame         Conj/Fire      12%        6-21      22%         3
f - Mephitic Cloud        Conj/Pois/Air  12%        N/A       22%         3
g - Sting                 Tmut/Pois      48%        1d5       8%          1
Your spell library was empty.

Dungeon Overview and Level Annotations

Branches:
Dungeon (2/15)

Altars:


Innate Abilities, Weirdness & Mutations

You are immune to sickness and miasma.
You are immune to poison.
Your flesh is very heat resistant. (rF++)
You are vulnerable to cold. (rC-)
You float through the air rather than walking.
You learn spells naturally, not from books.
Your magical power is your life essence.
You have superior vitality. (+4 HP)


Message History

Casting: Magic Dart (safe; 8% risk of failure)
Confirm with . or Enter, or press ? or * to list all spells.
Aiming: Magic Dart (safe; 8% risk of failure)
Press: ? - help, Shift-Dir - straight line, f/p - orc priest
Aim: an orc priest, wielding a +0 short sword (severely wounded, 100% to hit)
The magic dart hits the orc.
The orc is moderately wounded.
Casting: Magic Dart (safe; 8% risk of failure)
Confirm with . or Enter, or press ? or * to list all spells.
Aiming: Magic Dart (safe; 8% risk of failure)
Press: ? - help, Shift-Dir - straight line, f/p - orc priest
Aim: an orc priest, wielding a +0 short sword (severely wounded, 100% to hit)
The magic dart hits the orc.
The orc is severely wounded.
Casting: Magic Dart (safe; 8% risk of failure)
Confirm with . or Enter, or press ? or * to list all spells.
Aiming: Magic Dart (safe; 8% risk of failure)
Press: ? - help, Shift-Dir - straight line, f/p - orc priest
Aim: an orc priest, wielding a +0 short sword (severely wounded, 100% to hit)
The magic dart hits the orc.
You kill the orc!
Casting: Magic Dart (safe; 8% risk of failure)
Confirm with . or Enter, or press ? or * to list all spells.
Aiming: Magic Dart (safe; 8% risk of failure)
Press: ? - help, Shift-Dir - straight line, f/p - orc priest
Aim: an orc priest, wielding a +0 short sword (severely wounded, 100% to hit)
The magic dart hits the orc priest.
The orc priest is almost dead.
The orc priest mumbles some strange prayers to Beogh against you.
Beogh smites you!
* * * LOW HITPOINT WARNING * * *
Casting: Magic Dart (safe; 8% risk of failure)
Confirm with . or Enter, or press ? or * to list all spells.
You don't have enough health to cast this spell.
The orc priest miscasts a cantrip.
The orc priest begins to cast a cantrip, but forgets the words!
The orc priest looks satisfied for a moment.
The orc priest invokes the aid of Beogh against you.
Beogh smites you!
You die...

#.....# #..oo.#
#.....# #.....#
#.....# #.....#
#.....############
#...............<#
####@##.#.########
#.##.....#
#.##.#####
#.#########
#...^.....#
#########.# ######
#.# #######....#
#.# #.....#....#
#.#


You could see an orc priest and an orc.

Vanquished Creatures
  2 adders (D:2)
  A dart slug (D:1)
  An orc (D:2)
  3 ball pythons
  7 bats
  6 endoplasms
  2 giant cockroaches (D:1)
  5 goblins
  9 hobgoblins
  4 quokkas
  5 frilled lizards
  2 kobolds
  3 rats
50 creatures vanquished.

Vanquished Creatures (collateral kills)
  A worm (D:2)
1 creature vanquished.

Grand Total: 51 creatures vanquished

Notes
Turn   | Place    | Note
-------+----------+-------------------------------------------
     0 | D:1      | bilbop the Djinni Hedge Wizard began the quest for the Orb.
     0 | D:1      | Reached XP level 1. HP: 15/15 MP: 0/0
   331 | D:1      | Reached XP level 2. HP: 15/22 MP: 0/0
  1091 | D:1      | Reached XP level 3. HP: 24/26 MP: 0/0
  1091 | D:1      | Learned a level 1 spell: Sting
  1595 | D:1      | Found a faded altar of an unknown god.
  1850 | D:1      | Reached skill level 1 in Short Blades
  1917 | D:1      | Reached skill level 1 in Fighting
  2287 | D:1      | Noticed a troll
  2713 | D:2      | Reached XP level 4. HP: 16/32 MP: 0/0
  2935 | D:2      | Reached skill level 3 in Spellcasting
  3233 | D:2      | Reached skill level 1 in Shields
  3381 | D:2      | HP: 1/32 [orc priest/divine providence (11)]
  3390 | D:2      | Killed from afar by an orc priest

Illustrated notes

Levels and vault maps discovered:
D:1:      erik_arrival_cave_to_civilisation [erik_arrival_cave_to_temple],
          layout_loops_ring, shapermc_ecumenical_altar_starsandcircs,
          minmay_misc_feat_diagonals, minmay_pentomino_x2
D:2:      layout_basic

Skill      XL: |  1  2  3  4 |
---------------+-------------+-----
Short Blades   | 1 |  1.2
Fighting       | 1 |  1.3
Stealth        | 2 |  2.1
Spellcasting   | 3 |  3.0
Shields        | 1 |  1.0
Dodging        | |  2.1

Action                   |  1- 3 |  4- 6 || total
-------------------------+-------+-------++-------
Melee: Dagger            |    24 |     9 ||    33
 Cast: Magic Dart        |    88 |    29 ||   117
       Sting             |     3 |     1 ||     4
       Call Imp          |     3 |       ||     3
 Stab: Sleeping          |       |     1 ||     1
Armor: Robe              |    12 |     6 ||    18
Dodge: Dodged            |    23 |     6 ||    29

Table legend: (Time is in decaauts)
 A = Elapsed time spent in this place.
 B = Non-inter-level travel time spent in this place.
 C = Inter-level travel time spent in this place.
 D = Time resting spent in this place.
 E = Time spent auto-exploring this place.
 F = Levels seen in this place.
 G = Mean time per level.
                   A        B        C        D        E       F      G
               +--------+--------+--------+--------+--------+-----+--------+
         Total |   3388 |   3198 |    190 |   1209 |   1692 |   2 | 1694.0 |
       Dungeon |   3388 |   3198 |    190 |   1209 |   1692 |   2 | 1694.0 |
               +--------+--------+--------+--------+--------+-----+--------+

Top non-repeatable levels by time:
     D:1: 2485 daAuts
     D:2: 903 daAuts
